 Dungeon Crawl Stone Soup version 0.19.0-19-g8c6edcc (webtiles) character file.

620 pichaelthompson the Cudgeler (level 7, -7/52 HPs)
             Began as a Demonspawn Gladiator on Nov 15, 2016.
             Was an Initiate of Makhleb.
             Mangled by Prince Ribbit (11 damage)
             ... on level 6 of the Dungeon.
             The game lasted 00:36:16 (5308 turns).

pichaelthompson the Cudgeler (Demonspawn Gladiator) Turns: 5308, Time: 00:36:17

Health: -7/52      AC: 17    Str: 17    XL:     7   Next: 22%
Magic:  7/7        EV:  9    Int: 10    God:    Makhleb [......]
Gold:   198        SH:  9    Dex: 18    Spells: 0 memorised, 6 levels left

rFire  . . .     SeeInvis .     a - +4 flail
rCold  . . .     Gourm    .     b - +2 scale mail {rPois}
rNeg   . . .     Faith    .     v - +0 shield
rPois  +         Spirit   .     c - +0 helmet
rElec  .         Reflect  .     l - +2 cloak
rCorr  .         Harm     .     (no gloves)
MR     .....                    p - +1 pair of boots
Stlth  ..........               (no amulet)
                                m - +5 ring of dexterity
                                (no ring)

@: no status effects
A: yellow scales 2
a: Renounce Religion


You were on level 6 of the Dungeon.
You worshipped Makhleb.
Makhleb was noncommittal.
You were very hungry.

You visited 1 branch of the dungeon, and saw 6 of its levels.

You collected 198 gold pieces.

Inventory:

Hand Weapons
 a - a +4 flail (weapon)
 n - a +1 dagger of venom
 x - the cursed +3 falchion "Zalytikh" {vamp, Int+3 Dex+3 Stlth+, unknown}
   (You found it on level 4 of the Dungeon)

   It inflicts no extra harm, but heals its wielder when it wounds a living foe.
   It affects your intelligence (+3).
   It affects your dexterity (+3).
   It makes you more stealthy.
   It has a curse placed upon it.
Missiles
 d - 3 throwing nets
 o - 12 tomahawks (quivered)
Armour
 b - a +2 scale mail of poison resistance (worn)
 c - a +0 helmet (worn)
 l - a +2 cloak (worn)
 p - a +1 pair of boots (worn)
 v - a +0 shield (worn)
Jewellery
 m - a +5 ring of dexterity (right hand)
 y - a +3 ring of protection {unknown}
Wands
 q - a wand of random effects (21/48)
 B - a wand of acid (8/15)
Scrolls
 e - a scroll of identify
 r - 3 scrolls of magic mapping
 u - a scroll of remove curse
 C - a scroll of teleportation {unknown}
Potions
 g - a potion of haste
 i - a potion of heal wounds {unknown}
 k - 3 potions of curing
 s - a potion of mutation {unknown}
 t - a potion of invisibility {unknown}
 w - a potion of berserk rage {unknown}
 z - a potion of might {unknown}
 A - a potion of beneficial mutation {unknown}
Comestibles
 f - 3 bread rations
 h - a meat ration
 j - 6 fruits


   Skills:
 + Level 3.2 Fighting
 + Level 5.4 Maces & Flails
 + Level 1.8 Throwing
 + Level 2.4 Armour
 + Level 3.9 Dodging
 + Level 2.2 Shields


You had 6 spell levels left.
You didn't know any spells.

Dungeon Overview and Level Annotations

Branches:
Dungeon (6/15)             Temple (0/1) D:5

Altars:
Elyvilon
Makhleb
Trog

Annotations:
D:2 Sigmund
D:5 Yore's ghost, novice GrFi
D:6 Prince Ribbit


Innate Abilities, Weirdness & Mutations

You are mostly covered in yellow scales. (AC +3)


Message History

Prince Ribbit barely misses you.
You hit Prince Ribbit.
Prince Ribbit is lightly wounded.
You are feeling very hungry.
Prince Ribbit hits you. You block Prince Ribbit's attack.
You barely miss Prince Ribbit.
Prince Ribbit is lightly wounded.
Prince Ribbit completely misses you.
You miss Prince Ribbit.
Prince Ribbit is lightly wounded.
Prince Ribbit hits you.
* * * LOW HITPOINT WARNING * * *
Prince Ribbit blinks!
Prince Ribbit blinks!
You see here a scroll of remove curse.
You start resting.
Prince Ribbit hits you!
* * * LOW HITPOINT WARNING * * *
You barely miss Prince Ribbit. Prince Ribbit hits you!
You die...

#########...
#.F@.......#
#?########.# #.#
#.# #.# #.# #F##
#.#####..#########
#......†...<.....#


You could see Prince Ribbit.

Vanquished Creatures
  A centaur (D:5)
  The ghost of Hiru the Digger, an amateur FoEE (D:3)
  Blork the orc (D:4)
  A crimson imp (D:5)
  Terence (D:3)
  Natasha (D:2)
  An orc wizard (D:3)
  4 worker ants
  A hound skeleton (D:4)
  5 gnolls (D:4)
  4 adders (D:3)
  A worm (D:4)
  2 dart slugs (D:1)
  5 leopard geckos
  11 orcs
  6 bats
  5 giant cockroaches
  5 goblins
  7 hobgoblins
  3 jackals (D:1)
  2 quokkas
  3 ball pythons
  7 frilled lizards
  4 kobolds
  5 rats
87 creatures vanquished.

Notes
Turn   | Place    | Note
-------+----------+-------------------------------------------
     0 | D:1      | pichaelthompson the Demonspawn Gladiator began the quest for the Orb.
     0 | D:1      | Reached XP level 1. HP: 16/16 MP: 1/1
   235 | D:1      | Gained mutation: You are partially covered in yellow scales. (AC +2) [demonic ancestry]
   235 | D:1      | Reached XP level 2. HP: 22/22 MP: 2/2
   468 | D:1      | Reached skill level 3 in Maces & Flails
  1003 | D:2      | Gained mutation: You are mostly covered in yellow scales. (AC +3) [demonic ancestry]
  1003 | D:2      | Reached XP level 3. HP: 28/28 MP: 3/3
  1563 | D:2      | Noticed Sigmund
  1922 | D:3      | Noticed Terence
  1939 | D:3      | Killed Terence
  1939 | D:3      | Reached XP level 4. HP: 13/34 MP: 4/4
  2103 | D:3      | Noticed Hiru's ghost (amateur FoEE)
  2111 | D:3      | Noticed Natasha
  2125 | D:2      | Killed Natasha
  2125 | D:2      | Reached skill level 4 in Maces & Flails
  2125 | D:2      | Reached skill level 1 in Armour
  2576 | D:3      | Reached XP level 5. HP: 39/39 MP: 5/5
  2772 | D:3      | Killed Hiru's ghost
  2787 | D:3      | Reached skill level 1 in Shields
  2990 | D:3      | Reached XP level 6. HP: 43/46 MP: 6/6
  3312 | D:4      | Got a warped falchion
  3461 | D:4      | Found a white marble altar of Elyvilon.
  3723 | D:4      | Found a burning altar of Makhleb.
  3726 | D:4      | Found a bloodstained altar of Trog.
  3908 | D:4      | Noticed Blork the orc
  3930 | D:4      | Killed Blork the orc
  3999 | D:4      | Reached skill level 5 in Maces & Flails
  4120 | D:5      | Entered Level 5 of the Dungeon
  4177 | D:5      | Reached XP level 7. HP: 46/52 MP: 7/7
  4262 | D:5      | Noticed Yore's ghost (novice GrFi)
  4377 | D:4      | Became a worshipper of Makhleb the Destroyer
  4978 | D:5      | Found a staircase to the Ecumenical Temple.
  5290 | D:6      | Noticed Prince Ribbit
  5308 | D:6      | Mangled by Prince Ribbit

Skill      XL: |  1  2  3  4  5  6 |
---------------+-------------------+-----
Dodging        | 3 |  3.9
Maces & Flails | 3 4 5 |  5.4
Armour         | 1 2 |  2.4
Shields        | 1 2 |  2.2
Fighting       | 3 |  3.2
Throwing       | |  1.8

Action                   |  1- 3 |  4- 6 |  7- 9 || total
-------------------------+-------+-------+-------++-------
Melee: Flail             |    85 |   206 |    79 ||   370
Throw: Tomahawk          |       |       |     2 ||     2
  Use: Scroll            |     4 |     9 |     2 ||    15
       Potion            |     1 |     2 |     1 ||     4
  Eat: Beef jerky        |     1 |     1 |     1 ||     3
       Fruit             |     1 |       |     2 ||     3
       Chunk             |       |     5 |       ||     5
       Pizza             |       |     1 |       ||     1
Armor: Leather armour    |     2 |       |       ||     2
       Ring mail         |    55 |    47 |       ||   102
       Scale mail        |       |    89 |    32 ||   121
Dodge: Dodged            |    97 |   119 |    29 ||   245
Block: Shield            |       |    87 |    29 ||   116
